 Dungeon Crawl Stone Soup version 0.20.1-1-g8b1a95d (console) character file.

17360 hilaritas the Blocker (level 12, -31/65 HPs)
             Began as a Vine Stalker Fighter on Feb 11, 2018.
             Was the Champion of Zin.
             Annihilated by an enormous slime creature (43 damage)
             ... on level 12 of the Dungeon.
             The game lasted 00:34:20 (10280 turns).

hilaritas the Blocker (Vine Stalker Fighter)       Turns: 10280, Time: 00:34:21

Health: -31/65     AC: 16    Str: 23    XL:     12   Next: 47%
Magic:  0/20       EV: 11    Int:  8    God:    Zin [******]
Gold:   317        SH: 14    Dex: 15    Spells: 9/11 levels left

rFire    + . .     SeeInvis .   D - +4 scimitar (flame)
rCold    . . .     Gourm    .   c - +1 shield
rNeg     + . .     Faith    +   F - +2 chain mail {rN+}
rPois    .         Spirit   +   q - +0 helmet
rElec    .         Reflect  .   m - +1 cloak
rCorr    .         Harm     .   r - +0 pair of gloves
MR       +....                  H - +0 pair of boots
Stlth    ..........             g - amulet of faith
Regen    1.0/turn               l - +4 ring of evasion
MPRegen  0.2/turn               a - ring of protection from fire

@: no status effects
A: fangs 3, regeneration 2, magic shield, antimagic bite, no potion heal 3, rot
immunity
a: Recite, Vitalisation, Imprison, Sanctuary, Donate Gold, Cure All Mutations,
Renounce Religion


You were on level 12 of the Dungeon.
You worshipped Zin.
Zin was exalted by your worship.
You were not hungry.

You visited 1 branch of the dungeon, and saw 12 of its levels.
You also visited: Sewer.

You collected 742 gold pieces.
You spent 351 gold pieces at shops.
You donated 74 gold pieces to Zin.

Inventory:

Hand Weapons
 n - a +4 scimitar
 D - a +4 scimitar of flaming (weapon)
Missiles
 o - 22 tomahawks (quivered)
Armour
 c - a +1 shield (worn)
 m - a +1 cloak (worn)
 q - a +0 helmet (worn)
 r - a +0 pair of gloves (worn)
 F - a +2 chain mail of positive energy (worn)
 H - a +0 pair of boots (worn)
Jewellery
 a - a ring of protection from fire (right hand)
 g - an amulet of faith (around neck)
 l - a +4 ring of evasion (left hand)
Wands
 f - a wand of acid (2/15)
 x - a wand of disintegration (9/24)
 E - a wand of flame (1/48)
Scrolls
 j - 11 scrolls of teleportation
 k - 3 scrolls of identify
 v - 3 scrolls of enchant weapon
 w - a scroll of fear
 B - 2 scrolls of recharging
 C - 3 scrolls of enchant armour
Potions
 d - a potion of might
 e - 7 potions of flight
 i - a potion of haste
 p - 2 potions of magic
 u - 5 potions of curing
 z - a potion of agility
 G - 4 potions of cancellation
Books
 A - a book of Party Tricks

   Spells                             Type                      Level
   a - Summon Butterflies             Summoning                    1
   b - Apportation                    Translocation                1
   c - Lesser Beckoning               Translocation                3
   d - Tukima's Dance                 Hexes                        3
   e - Alistair's Intoxication        Transmutation/Poison         5
   f - Invisibility                   Hexes                        6
Comestibles
 b - a fruit
 h - 4 meat rations
 s - 11 bread rations
 t - 5 royal jellies


   Skills:
 * Level 8.6 Fighting
 - Level 10.0 Long Blades
 - Level 2.4 Armour
 + Level 10.7 Shields
 * Level 9.5 Invocations


You had 9 spell levels left.
You knew the following spells:

 Your Spells              Type           Power        Failure   Level  Hunger
a - Apportation           Tloc           #.....       99%         1    ##.....
b - Summon Butterflies    Summ           #.......     99%         1    ##.....


Dungeon Overview and Level Annotations

Branches:
Dungeon (12/15)            Temple (0/1) D:7            Lair (0/6) D:10
    Orc (0/2) D:10

Altars:
Cheibriados
Dithmenos
Gozag
Kikubaaqudgha
Makhleb
Nemelex Xobeh
Okawaru
Qazlal
Sif Muna
Uskayaw
Vehumet
Yredelemnul
Zin

Shops:
D:6 *   D:9 *   D:10 (   D:11 [:*[   D:12 =


Innate Abilities, Weirdness & Mutations

You have razor-sharp teeth.
You heal very quickly.
When hurt, damage is shared between your health and your magic reserves.
Your bite disrupts and absorbs the magic of your enemies.
Potions cannot restore your health.
You are immune to rotting.


Message History

The enormous slime creature is heavily wounded.
You block the enormous slime creature's attack.
You slash the enormous slime creature! You burn the enormous slime creature.
You bite the enormous slime creature! You drain its power.
The enormous slime creature is heavily wounded.
The enormous slime creature hits you!!!
Ouch! That really hurt!
* * * LOW HITPOINT WARNING * * *
Unknown command.
Evoke which item? (* to show all) (? for menu, Esc to quit)
Aiming: Corrosive Bolt
Press: ? - help, Shift-Dir - straight line, f/p - enormous slime creature
Aim: an enormous slime creature (heavily wounded)
The bolt of acid hits the enormous slime creature.
The enormous slime creature is splashed with acid.
The acid corrodes the enormous slime creature!
The enormous slime creature is heavily wounded.
This wand has 2 charges left.
The enormous slime creature hits you!!!
Ouch! That really hurt!
You die...

## #........ #.#
#........ #######
#.###......J.
....$.######...+..).....
#.....#......# #........
#.....#......###........
#.....#........#........
......#..........#
......#......#.#.#
......#.###..#.#J#
......#)# #..#.#@#
.##.###.###..#.#.#
.##.#..........#........
.##...(........#....####
......##.#.....#..!.#
......# ∩#####.#....#
......# .# .#....#
..))..# .## #+####
......##... ...........
.##<..#....


You could see an enormous slime creature.

Vanquished Creatures
  Erolcha (D:10)
  The ghost of hurricos the Slinger, a journeyman HaFi of the Shining One (D:11)
  Harold (D:12)
  The ghost of hilaritas the Fighter, a journeyman MfMo of Okawaru (D:10)
  A hydra (D:11)
  A two-headed ogre (D:9)
  The ghost of hilaritas the Fighter, a novice MfBe of Trog (D:8)
  Erica (D:8)
  Urug (D:11)
  Pikel (D:6)
  3 centaur zombies
  Joseph (D:8)
  A gargoyle (D:11)
  Maurice (D:9)
  The ghost of hilaritas the Spear-Bearer, a novice MfGl (D:4)
  A hippogriff (D:8)
  Sigmund (D:4)
  A spriggan (D:9)
  A soldier ant (D:11)
  Edmund (D:6)
  An acid dragon (D:12)
  Duvessa (D:7)
  3 sky beasts
  8 orc warriors
  3 black bears
  An ice beast (D:6)
  A slave (D:6)
  4 ogres
  2 phantoms
  A big kobold (D:9)
  5 bullfrogs
  Blork the orc (D:4)
  Dowan (D:7)
  A water moccasin zombie (D:8)
  A wyvern skeleton (D:12)
  The ghost of hilaritas the Chopper, a weakling DDMo of Kikubaaqudgha (D:3)
  49 killer bees
  A water moccasin skeleton (D:9)
  13 wights
  6 crimson imps
  4 howler monkeys (D:8)
  A jelly (D:9)
  7 hounds
  15 orc wizards
  Crazy Yiuf (D:2)
  2 centaur skeletons (D:11)
  13 orc priests
  6 iguanas
  4 worker ants
  Natasha (twice) (D:4)
  A hound zombie (D:5)
  2 hound skeletons
  A mummy (D:8)
  2 worker ant zombies (D:7)
  Robin (D:4)
  3 gnolls (D:9)
  18 adders
  3 shadow imps
  An ooze (D:4)
  A worm (D:4)
  A dart slug (D:2)
  4 leopard geckos
  47 orcs
  5 giant cockroaches
  12 goblins
  7 hobgoblins
  16 jackals
  A quokka (D:4)
  12 bats
  5 frilled lizards
  9 kobolds
  2 leopard gecko skeletons (D:5)
  A quokka skeleton (D:8)
  3 rats
339 creatures vanquished.

Vanquished Creatures (others)
  A howler monkey skeleton (D:6)
  A giant cockroach (D:6)
  2 pillars of salt (D:11)
4 creatures vanquished.

Grand Total: 343 creatures vanquished

Notes
Turn   | Place    | Note
-------+----------+-------------------------------------------
     0 | D:1      | hilaritas the Vine Stalker Fighter began the quest for the Orb.
     0 | D:1      | Reached XP level 1. HP: 11/11 MP: 2/2
   157 | D:1      | Reached XP level 2. HP: 16/16 MP: 3/3
   528 | D:2      | Found a glowing silver altar of Zin.
   536 | D:2      | Became a worshipper of Zin the Law-Giver
   650 | D:2      | Found a stormy altar of Qazlal.
   651 | D:2      | Found a sparkling altar of Nemelex Xobeh.
   716 | D:2      | Reached XP level 3. HP: 15/20 MP: 2/4
   866 | D:2      | Reached * piety under Zin
  1144 | D:2      | HP: 2/20 [adder (1)]
  1924 | D:2      | Gained mutation: Your natural rate of healing is unusually fast. [Vine Stalker growth]
  1924 | D:2      | Reached XP level 4. HP: 17/24 MP: 3/5
  1968 | D:2      | Found a runed door.
  1972 | D:2      | Noticed Crazy Yiuf
  1979 | D:2      | Killed Crazy Yiuf
  1979 | D:2      | Reached skill level 1 in Invocations
  2209 | D:3      | Found an opulent altar of Gozag.
  2230 | D:3      | Reached XP level 5. HP: 28/28 MP: 6/6
  2474 | D:3      | Noticed hilaritas's ghost (weakling DDMo)
  2499 | D:3      | Killed hilaritas's ghost
  2755 | D:4      | Noticed Robin
  2767 | D:4      | Killed Robin
  2793 | D:4      | Reached ** piety under Zin
  2819 | D:4      | Reached XP level 6. HP: 21/32 MP: 6/8
  2838 | D:4      | HP: 2/32 [orc priest/divine providence (11)]
  2940 | D:4      | Noticed Natasha
  2947 | D:4      | Killed Natasha
  3044 | D:4      | Reached skill level 5 in Long Blades
  3044 | D:4      | Reached XP level 7. HP: 31/37 MP: 9/9
  3115 | D:4      | Noticed Sigmund
  3121 | D:4      | Killed Sigmund
  3160 | D:4      | Noticed hilaritas's ghost (novice MfGl)
  3166 | D:4      | Noticed Natasha
  3184 | D:4      | Killed hilaritas's ghost
  3184 | D:4      | Gained mutation: You have razor-sharp teeth. [Vine Stalker growth]
  3184 | D:4      | Reached XP level 8. HP: 21/42 MP: 7/11
  3185 | D:4      | Killed Natasha
  3247 | D:4      | Found a glowing drain.
  3255 | D:4      | Noticed Blork the orc
  3287 | D:4      | Killed Blork the orc
  3304 | Sewer    | Entered a sewer
  3765 | D:4      | Found a shadowy altar of Dithmenos.
  3831 | D:5      | Entered Level 5 of the Dungeon
  4217 | D:5      | Found a snail-covered altar of Cheibriados.
  4217 | D:5      | Found a shadowy altar of Dithmenos.
  4295 | D:5      | Found a hide-covered altar of Uskayaw.
  4296 | D:5      | Reached *** piety under Zin
  4518 | D:5      | Found a deep blue altar of Sif Muna.
  4576 | D:6      | Noticed Pikel
  4581 | D:6      | Noticed Edmund
  4607 | D:6      | Killed Pikel
  4607 | D:6      | Reached skill level 5 in Shields
  4607 | D:6      | Reached XP level 9. HP: 34/45 MP: 11/13
  4627 | D:6      | Killed Edmund
  4756 | D:6      | Found Mano's General Store.
  4763 | D:6      | Bought a scroll of teleportation for 36 gold pieces
  5070 | D:5      | Found an iron altar of Okawaru.
  5327 | D:6      | Found an ancient bone altar of Kikubaaqudgha.
  5473 | D:6      | Reached skill level 5 in Invocations
  5669 | D:7      | Found a staircase to the Ecumenical Temple.
  5806 | D:7      | Noticed Duvessa
  5808 | D:7      | Noticed Dowan
  5822 | D:7      | Killed Duvessa
  5845 | D:7      | Killed Dowan
  5852 | D:7      | Reached XP level 10. HP: 51/51 MP: 14/14
  5891 | D:7      | Found a basalt altar of Yredelemnul.
  5899 | D:7      | Reached **** piety under Zin
  6199 | D:7      | Reached skill level 10 in Long Blades
  6335 | D:8      | HP: 5/51 [killer bee (3)]
  6343 | D:8      | HP: 4/51 [killer bee (2)]
  6379 | D:8      | Reached skill level 5 in Fighting
  6741 | D:8      | Noticed Joseph
  6741 | D:8      | Noticed hilaritas's ghost (novice MfBe)
  6783 | D:8      | Killed Joseph
  6848 | D:8      | Killed hilaritas's ghost
  6952 | D:8      | Noticed Erica
  6964 | D:8      | Killed Erica
  6964 | D:8      | Reached XP level 11. HP: 56/56 MP: 15/17
  7177 | D:8      | Reached ***** piety under Zin
  7297 | D:8      | Found a radiant altar of Vehumet.
  7299 | D:8      | Found a burning altar of Makhleb.
  7645 | D:9      | Noticed a two-headed ogre
  7657 | D:9      | Killed a two-headed ogre
  7848 | D:9      | Learned a level 1 spell: Apportation
  7850 | D:9      | Learned a level 1 spell: Summon Butterflies
  7879 | D:9      | Found Ogief's Changing Room.
  8689 | D:9      | Noticed Maurice
  8707 | D:9      | HP: 5/58 [acid (14)]
  8724 | D:9      | Killed Maurice
  8922 | D:10     | Entered Level 10 of the Dungeon
  8952 | D:10     | Noticed hilaritas's ghost (journeyman MfMo)
  8977 | D:10     | Noticed Erolcha
  8985 | D:10     | Killed hilaritas's ghost
  8990 | D:10     | Killed Erolcha
  9121 | D:10     | Found a staircase to the Lair.
  9128 | D:10     | Found Ylopetot's Weapon Boutique.
  9128 | D:10     | Found a staircase to the Orcish Mines.
  9146 | D:10     | Reached skill level 10 in Shields
  9180 | D:10     | Reached ****** piety under Zin
  9551 | D:11     | Noticed hurricos's ghost (journeyman HaFi)
  9599 | D:11     | Killed hurricos's ghost
  9599 | D:11     | Gained mutation: You heal very quickly. [Vine Stalker growth]
  9599 | D:11     | Reached XP level 12. HP: 41/64 MP: 19/19
  9638 | D:11     | Found Iqell's Armour Shoppe.
  9674 | D:11     | Found Rety Hel's Book Boutique.
  9799 | D:11     | Noticed an eight-headed hydra
  9808 | D:11     | Killed a three-headed hydra
  9858 | D:11     | Noticed Urug
  9863 | D:11     | Found Vah Anar's Assorted Antiques.
  9870 | D:11     | Killed Urug
  9913 | D:11     | Bought a scroll of remove curse for 90 gold pieces
  9913 | D:11     | Bought a scroll of enchant weapon for 225 gold pieces
  9967 | D:11     | Found Aniysiott's Armour Shop.
 10248 | D:12     | Noticed Harold
 10249 | D:12     | Found Paivisiq's Jewellery Shop.
 10256 | D:12     | Killed Harold
 10280 | D:12     | Annihilated by an enormous slime creature

Skill      XL: |  1  2  3  4  5  6  7  8  9 10 11 12 |
---------------+-------------------------------------+-----
Long Blades    | 2 3 4 5 6 8 9 10 | 10.0
Shields        | 3 4 5 6 8 10 | 10.7
Fighting       | 3 4 6 7 8 |  8.6
Invocations    | 1 2 3 4 5 6 8 9 |  9.5
Armour         | |  2.4

Action                   |  1- 3 |  4- 6 |  7- 9 | 10-12 || total
-------------------------+-------+-------+-------+-------++-------
Melee: Long sword        |    86 |    52 |       |       ||   138
       Bite              |    15 |    47 |   126 |   286 ||   474
       Scimitar          |       |    94 |   331 |   832 ||  1257
Throw: Tomahawk          |       |       |     3 |     3 ||     6
Invok: Recite            |       |     6 |     4 |    20 ||    30
       Vitalisation      |       |       |     1 |     1 ||     2
Evoke: Wand              |       |       |       |     3 ||     3
  Use: Scroll            |     7 |     4 |     6 |     8 ||    25
       Potion            |     1 |     1 |     1 |     2 ||     5
 Stab: Confused          |       |       |     3 |    16 ||    19
       Invisible         |       |       |       |     5 ||     5
       Paralysed         |       |       |       |    14 ||    14
  Eat: Chunk             |     2 |       |     9 |    13 ||    24
       Bread ration      |       |     1 |       |       ||     1
       Fruit             |       |       |     1 |     4 ||     5
Armor: Scale mail        |    33 |    39 |       |       ||    72
       Ring mail         |       |     6 |    43 |       ||    49
       Chain mail        |       |       |    47 |   123 ||   170
       Plate armour      |       |       |    31 |   226 ||   257
Dodge: Dodged            |    27 |    44 |   141 |   247 ||   459
Block: Shield            |    30 |    81 |   202 |   570 ||   883
       Rpst.: Long sword |     7 |     4 |       |       ||    11
       Scimitar          |       |    10 |    45 |    77 ||   132
